 Dungeon Crawl Stone Soup version 0.31-a0-799-g6bc09d010c (webtiles) character file.

Game seed: 7057038559681621443

5670 Newt the Carver (level 10, -2/79 HPs)
             Began as a Demonspawn Gladiator on Sept 19, 2023.
             Was a High Priest of Okawaru.
             Slain by a black mamba (shapeshifter) (11 damage)
             ... on level 9 of the Dungeon.
             The game lasted 00:10:23 (8754 turns).

Newt the Carver (Demonspawn Gladiator)              Turns: 8754, Time: 00:10:24

Health: -2/79      AC: 15    Str: 25    XL:     10   Next: 47%
Magic:  0/13       EV: 13    Int: 11    God:    Okawaru [*****.]
Gold:   595        SH:  0    Dex: 15    Spells: 13/13 levels left

rFire   . . .        D - +5 great sword
rCold   . . .        (shield currently unavailable)
rNeg    . . .        q - +3 ring mail
rPois   .            c - +1 helmet
rElec   .            K - +0 cloak
rCorr   .            (no gloves)
SInv    +            (boots unavailable)
Will    .....        g - amulet of guardian spirit
Stlth   +            y - +6 ring of strength
HPRegen 0.33/turn    A - +4 ring of protection
MPRegen 0.26/turn

%: guardian spirit
@: no status effects
A: hooves 3, magic regeneration, big brain 1, MP-powered wands
a: Renounce Religion, Heroism, Finesse, Duel


You were on level 9 of the Dungeon.
You worshipped Okawaru.
Okawaru was extremely pleased with you.
You visited 2 branches of the dungeon, and saw 10 of its levels.

You collected 675 gold pieces.
You spent 80 gold pieces at shops.

Inventory:

Hand Weapons
 a - a +0 rapier of flaming
 x - a +1 heavy hand axe
 B - a +1 spear of venom
 D - a +5 great sword (weapon)
Missiles
 d - 5 throwing nets
 e - a javelin
 l - 25 poisoned darts
 w - 21 boomerangs (quivered)
Armour
 b - a +0 leather armour
 c - a +1 helmet (worn)
 q - a +3 ring mail (worn)
 C - a +0 kite shield
 K - a +0 cloak (worn)
Jewellery
 g - an amulet of guardian spirit (around neck)
 j - a ring of wizardry
 o - a ring of resist corrosion
 y - a +6 ring of strength (left hand)
 A - a +4 ring of protection (right hand)
 I - a +4 ring of protection
 L - a +6 ring of intelligence
 R - a ring of willpower
 T - a +6 ring of intelligence
Talismans
 f - a beast talisman
Wands
 v - a wand of roots (7)
 E - a wand of polymorph (4)
 G - a wand of acid (8)
Scrolls
 k - a scroll of revelation
 r - 2 scrolls of silence
 u - a scroll of blinking
 F - a scroll of immolation
 M - 2 scrolls of amnesia
 O - 3 scrolls of poison
Potions
 i - 6 potions of curing
 m - a potion of cancellation
 n - a potion of ambrosia
 p - a potion of enlightenment
 s - 2 potions of mutation
 t - a potion of haste
 z - 2 potions of heal wounds {unknown}
 H - a potion of brilliance
 J - a potion of resistance {unknown}
 N - 2 potions of degeneration {unknown}
 P - a potion of invisibility
 Q - a potion of berserk rage


   Skills:
 - Level 7.0 Fighting
 - Level 4.0(6.7) Short Blades
 - Level 8.5(9.0) Long Blades
 - Level 5.0 Throwing
 - Level 3.0 Armour
 - Level 5.0 Dodging
 + Level 2.4 Spellcasting
 + Level 2.4 Transmutations
 - Level 5.0 Evocations


You had 13 spell levels left.
You didn't know any spells.
Your spell library contained the following spells:

 Spells                   Type           Power      Damage    Failure   Level
 Wereblood                Tmut           6%         N/A       22%         2
 Kiss of Death            Conj/Necr      4%         2d5       38%         1
 Slow                     Hex            4%         N/A       38%         1
 Confusing Touch          Hex            1%         N/A       77%         3
 Frozen Ramparts          Ice            2%         1d1       77%         3
 Sigil of Binding         Hex            1%         N/A       77%         3
 Vampiric Draining        Necr           1%         2d6       77%         3
 Petrify                  Tmut/Erth      4%         N/A       94%         4
 Dispel Undead            Necr           1%         3d6       99%         4
 Irradiate                Conj/Tmut      2%         3d12      100%        5
 Metabolic Englaciation   Hex/Ice        0%         N/A       100%        5


Dungeon Overview and Level Annotations

Branches:
Dungeon (9/15)             Temple (1/1) D:4            Lair (0/5) D:9
    Orc (0/2) D:9

Altars:
Ashenzari
Cheibriados
Dithmenos
Fedhas
Gozag
Hepliaklqana
Kikubaaqudgha
Makhleb
Nemelex Xobeh
Okawaru
Qazlal
Ru
Sif Muna
Trog
Uskayaw
Vehumet
Wu Jian
Xom
Yredelemnul

Shops:
D:3 :   D:8 **

Annotations:
D:6 2 transporters, pigah's ghost, novice OpSh


Innate Abilities, Weirdness & Mutations

You have hooves in place of feet.
You regenerate magic rapidly.
You have an unusually large brain. (Int +2)
You expend magic power (3 MP) to strengthen your wands.


Message History

Unknown command.
Unknown command.
Unknown command.
Unknown command.
Unknown command.
Unknown command.
Unknown command.
Unknown command.
Unknown command.
Unknown command.
Unknown command.
Unknown command.
Unknown command.
Unknown command.
Unknown command.
Unknown command.
Unknown command.
Unknown command.
Unknown command.
Unknown command.
Unknown command.
Unknown command.
Unknown command.
Unknown command.
Unknown command.
Unknown command.
Unknown command.
Unknown command.
Unknown command.
Unknown command.
Unknown command.
Unknown command.
Okay, then.
As you read the scroll of revelation, it crumbles to dust.
You feel aware of your surroundings.
A manticore, a wyvern, a wizard, an acid dragon and a hornet come into view.
The cyclops shouts!
An orc warrior comes into view.
It is wielding a +2 long sword of draining.
The black mamba bites you!
You die...

,,,,* *,**,****,,*,,,,,*,,*,*,*
,,,,* **.##..###..#####**,,*,,,,
,,,,****,.###.####..#.#.*,,****,*
,,,,,,,,,##.....###.....,,***,,,,
,,,,**,,*###...#####....,***,,,,*
,,,,**,**#$##.##(#####.#***,,,,,*
,,,,**,*,##.#.#y##.##y#.**,,,,,,*
,,,,,*,*,.##.DO##..#C#H#,*,**,,,,
,,,,,*,,,....8ho@Sc.#p#)*,,*,,,,,
,,,,,*,*,.##..V##..#C#=#,*,*,,,,*
,,,,,*,*,##.#.#.##.##.#.**,,,*,,*
,,,,,*,**#=##.##l#####.#***,,**,*
,,****,,*###...#####....,***,,*,*
,,**,,,,,##.....###..#.#,,***,,,,
,,**,,,,,.###.####..##.#*,,****,*
,,**,,,,,.###...#..#..Do,*,,***,*
,,,,,,,*,,*,,*,,*,**,,,,,**,*,,,*


You could see a centaur warrior, a two-headed ogre, a manticore (wandering), 2
cyclopes, a wizard (wandering), a black mamba, a hornet (wandering), a vampire,
an orc warrior (wandering), a wyvern (wandering), 2 acid dragons, a howler
monkey, a killer bee and an orc wizard.

Vanquished Creatures
  A two-headed ogre (D:9)
  A centaur warrior (D:9)
  Maggie (D:8)
  An unseen horror (D:7)
  A wyvern (D:7)
  A steam dragon (D:7)
  A water moccasin (D:7)
  4 ice beasts
  2 orc warriors
  A sky beast (D:7)
  A black bear (D:5)
  An ogre (D:5)
  A wolf (D:6)
  A kobold brigand (D:6)
  3 centaurs
  4 gnoll sergeants
  2 bullfrogs (D:7)
  A scorpion (D:7)
  14 wights
  A howler monkey (D:7)
  6 hounds
  4 orc priests
  4 jellies
  3 gnoll boudas
  2 sleepcaps
  7 orc wizards
  21 gnolls
  8 adders
  A white imp (D:6)
  5 worms
  3 dart slugs
  37 orcs
  3 bats
  5 endoplasms
  2 giant cockroaches
  5 goblins
  3 hobgoblins
  8 jackals
  11 kobolds
  A quokka (D:2)
  3 ball pythons (D:2)
  A frilled lizard (D:1)
  5 rats
191 creatures vanquished.

Notes
Turn   | Place    | Note
-------+----------+-------------------------------------------
     0 | D:1      | Newt the Demonspawn Gladiator began the quest for the Orb.
     0 | D:1      | Reached XP level 1. HP: 16/16 MP: 1/1
   270 | D:1      | Found a faded altar of an unknown god.
   352 | D:1      | Gained mutation: You regenerate magic rapidly. [demonic
                  | ancestry]
   352 | D:1      | Reached XP level 2. HP: 23/23 MP: 2/2
  1102 | D:2      | Reached XP level 3. HP: 8/30 MP: 3/3
  1810 | D:3      | Gained mutation: You have large cloven feet. [demonic
                  | ancestry]
  1810 | D:3      | Reached XP level 4. HP: 34/37 MP: 4/4
  2327 | D:3      | Found a transporter.
  2327 | D:3      | Found Yfeixid's Book Boutique.
  2332 | D:3      | Found a transporter.
  2687 | D:4      | Found a staircase to the Ecumenical Temple.
  2718 | D:4      | Found a shimmering altar of Xom.
  2720 | D:4      | Found an iron altar of Okawaru.
  2722 | D:4      | Found an ornate altar of the Wu Jian Council.
  2738 | Temple   | Entered the Ecumenical Temple
  2738 | Temple   | Noticed a Hell Sentinel
  2739 | Temple   | Noticed an orange demon
  2739 | Temple   | Noticed a chaos spawn
  2754 | D:4      | Found an ancient bone altar of Kikubaaqudgha.
  2756 | D:4      | Found a blossoming altar of Fedhas.
  2756 | D:4      | Found a burning altar of Makhleb.
  2757 | D:4      | Found a shadowy altar of Dithmenos.
  2759 | D:4      | Became a worshipper of Warmaster Okawaru
  2871 | D:4      | Reached XP level 5. HP: 42/42 MP: 5/5
  3419 | D:5      | Entered Level 5 of the Dungeon
  3583 | D:5      | Gained mutation: You have an unusually large brain. (Int
                  | +2) [demonic ancestry]
  3583 | D:5      | Reached XP level 6. HP: 48/48 MP: 6/6
  3599 | D:5      | Reached * piety under Okawaru
  3686 | D:5      | Noticed an ice beast
  3717 | D:5      | Reached skill level 5 in Dodging
  3720 | D:5      | Killed an ice beast
  3744 | D:5      | Reached skill level 5 in Fighting
  3744 | D:5      | Reached XP level 7. HP: 49/56 MP: 5/7
  3800 | D:5      | Reached ** piety under Okawaru
  3976 | D:5      | Found a sparkling altar of Nemelex Xobeh.
  3976 | D:5      | Found an opulent altar of Gozag.
  4581 | D:6      | Reached skill level 1 in Armour
  4845 | D:5      | Gained mutation: You have hoof-like feet. [demonic
                  | ancestry]
  4845 | D:5      | Reached XP level 8. HP: 23/67 MP: 3/8
  4997 | D:5      | Reached skill level 1 in Long Blades
  5107 | D:6      | Reached skill level 2 in Long Blades
  5173 | D:6      | Reached skill level 3 in Long Blades
  5227 | D:6      | Found a transporter.
  5239 | D:6      | Noticed pigah's ghost (novice OpSh)
  5247 | D:6      | Reached skill level 4 in Long Blades
  5313 | D:6      | Found a transporter.
  5346 | D:6      | Reached *** piety under Okawaru
  5775 | D:6      | Found a sacrificial altar of Ru.
  6168 | D:7      | Reached skill level 5 in Throwing
  6168 | D:7      | Gained mutation: You have hooves in place of feet. [demonic
                  | ancestry]
  6168 | D:7      | Reached XP level 9. HP: 51/72 MP: 7/9
  6395 | D:7      | Reached skill level 5 in Long Blades
  6415 | D:7      | Reached **** piety under Okawaru
  6436 | D:7      | Reached skill level 6 in Long Blades
  6450 | D:7      | Killed an unseen horror
  6641 | D:7      | Reached skill level 7 in Long Blades
  7132 | D:7      | Reached skill level 8 in Long Blades
  7741 | D:8      | Reached skill level 1 in Evocations
  8058 | D:8      | Reached XP level 10. HP: 75/76 MP: 10/10
  8207 | D:8      | Gained mutation: You expend magic power (3 MP) to
                  | strengthen your wands. [potion of mutation]
  8234 | D:8      | Noticed Maggie
  8240 | D:8      | Killed Maggie
  8434 | D:8      | Found Xaoxatidwid's General Store.
  8438 | D:8      | Found Diock's Specific Store.
  8446 | D:8      | Bought a potion of invisibility for 80 gold pieces
  8543 | D:8      | Reached ***** piety under Okawaru
  8723 | D:9      | Noticed a two-headed ogre
  8727 | D:9      | Noticed a centaur warrior
  8737 | D:9      | Killed a two-headed ogre
  8738 | D:9      | Reached skill level 5 in Evocations
  8738 | D:9      | Reached skill level 1 in Spellcasting
  8738 | D:9      | Reached skill level 1 in Transmutations
  8743 | D:9      | Killed a centaur warrior
  8753 | D:9      | Noticed a centaur warrior
  8753 | D:9      | Noticed a black mamba
  8753 | D:9      | Noticed a cyclops
  8753 | D:9      | Noticed a cyclops
  8754 | D:9      | Noticed a two-headed ogre
  8754 | D:9      | Noticed a manticore
  8754 | D:9      | Noticed a wizard
  8754 | D:9      | Slain by a black mamba (shapeshifter)

Illustrated notes

Levels and vault maps discovered:
D:1:      lemuel_arrival_cross, layout_basic, shapermc_ecumenical_altar_venn
D:2:      layout_rooms, minmay_tripent
D:3:      layout_loops_ring, serial_shops, nicolae_shop_drivethru,
          nicolae_wormholes
D:4:      layout_loops_cross, grunt_temple_overflow_open,
          minmay_temple_entry_slanted
D:5:      layout_loops_ring, grunt_temple_overflow_opulence
D:6:      layout_cave_pools, nicolae_ru_path_of_blood, gammafunk_ghost_arena,
          serial_gnoll_camp, gnoll_camp_mini_loothouse, gnoll_camp_medium_02,
          gnoll_camp_mini_house, gnoll_camp_medium_01, gnoll_camp_mini_hut
D:7:      minmay_chambers_of_fours, layout_basic, serial_bayou_pond_e
D:8:      cheibrodos_iron_armory, layout_gridville, nicolae_specific_store,
          uniq_maggie
D:9:      minmay_the_grid_octo_tiled_squarecenter
          [minmay_the_grid_octo_clover_2, minmay_the_grid_octo_horde,
          minmay_the_grid_octo_tetromino_candy, minmay_the_grid_octo_chip,
          minmay_the_grid_square_5x5_megaprize_checkered,
          minmay_the_grid_square_5x5_broken_cross,
          minmay_the_grid_square_5x5_doubleslash,
          minmay_the_grid_square_5x5_detours, minmay_the_grid_square_5x5_meh],
          layout_basic, lair_entry_dummy, erik_orc_1, minmay_pinched_square
Temple:   nicolae_temple_panitentiary

Skill      XL: |  1  2  3  4  5  6  7  8  9 10 |
---------------+-------------------------------+-----
Fighting       | 3 4 5 7 |  7.0
Short Blades   | 3 4 |  4.0
Dodging        | 4 5 |  5.0
Armour         | 2 3 |  3.0
Long Blades    | 4 8 |  8.5
Throwing       | 5 |  5.0
Evocations     | 1 5 |  5.0
Spellcasting   | 2 |  2.4
Transmutations | 2 |  2.4

Action                     |  1- 3 |  4- 6 |  7- 9 | 10-12 || total
---------------------------+-------+-------+-------+-------++-------
  Melee: Rapier            |   144 |   151 |    78 |       ||   373
         Kick              |       |    50 |   101 |    15 ||   166
         Punch             |       |     1 |     3 |       ||     4
         Spear             |       |       |    21 |       ||    21
         Great sword       |       |       |   227 |    61 ||   288
  Throw: Javelin           |       |     2 |       |       ||     2
         Throwing net      |       |       |     4 |       ||     4
         Boomerang         |       |       |    24 |       ||    24
 Invoke: Heroism           |       |       |       |     1 ||     1
    Use: Scroll            |     9 |     6 |     1 |     6 ||    22
         Potion            |       |       |       |     1 ||     1
   Stab: Held in net/web   |       |       |     1 |       ||     1
 Armour: Leather armour    |    98 |       |       |       ||    98
         Ring mail         |     3 |    94 |   347 |    78 ||   522
         Skin              |       |       |    27 |       ||    27
  Dodge: Dodged            |   106 |    68 |   323 |    77 ||   574

Table legend: (Time is in decaauts)
 A = Elapsed time spent in this place.
 B = Non-inter-level travel time spent in this place.
 C = Inter-level travel time spent in this place.
 D = Time resting spent in this place.
 E = Time spent auto-exploring this place.
 F = Levels seen in this place.
 G = Mean time per level.
                   A        B        C        D        E       F      G
               +--------+--------+--------+--------+--------+-----+--------+
         Total |   8874 |   8361 |    513 |   1536 |   5238 |  10 |  887.4 |
       Dungeon |   8872 |   8359 |    513 |   1536 |   5238 |   9 |  985.8 |
        Temple |      1 |      1 |      0 |      0 |      0 |   1 |    1.0 |
               +--------+--------+--------+--------+--------+-----+--------+

Top non-repeatable levels by time:
     D:7: 1543 daAuts
     D:5: 1542 daAuts
     D:6: 1237 daAuts
     D:8: 984 daAuts
     D:2: 929 daAuts
     D:3: 906 daAuts
     D:4: 808 daAuts
     D:1: 788 daAuts
     D:9: 132 daAuts
  Temple: 1 daAuts
